 Dungeon Crawl Stone Soup version 0.30-a0-335-ge5acde7520 (webtiles) character file.

Game seed: 11731030585337043431

1524 gruber the Destroyer (level 8, 0/41 HPs)
             Began as a Deep Elf Conjurer on Oct 30, 2022.
             Was a Follower of Vehumet.
             Slain by an orc warrior
             ... wielding a +0 flail
              (8 damage)
             ... on level 5 of the Dungeon.
             The game lasted 00:05:11 (5830 turns).

gruber the Destroyer (Deep Elf Conjurer)            Turns: 5830, Time: 00:05:12

Health: 0/41       AC:  6    Str:  8    XL:     8   Next: 54%
Magic:  20/20      EV: 16    Int: 26    God:    Vehumet [*.....]
Gold:   206        SH:  0    Dex: 19    Spells: 14/21 levels left

rFire   . . .      SeeInvis .    F - +9 dagger "Axzes" {drain, Contam Fly Str+4 Dex+3}
rCold   . . .      Faith    .    (no shield)
rNeg    . . .      Spirit   .    a - +0 robe
rPois   +          Reflect  .    v - +0 helmet
rElec   .          Harm     .    y - +2 cloak of Classification {Dex+3}
rCorr   .          Rampage  .    (no gloves)
Will    .....                    (no boots)
Stlth   ++........               (no amulet)
HPRegen 0.26/turn                r - ring of poison resistance
MPRegen 0.17/turn                (no ring)

@: flying
A: no striking features
a: Renounce Religion


You were on level 5 of the Dungeon.
You worshipped Vehumet.
Vehumet was aware of your devotion.
You visited 1 branch of the dungeon, and saw 6 of its levels.

You collected 206 gold pieces.

Inventory:

Hand Weapons
 F - the +9 dagger "Axzes" (weapon) {drain, Contam Fly Str+4 Dex+3}
   (You found it on level 5 of the Dungeon)

   A truly terrible weapon, it drains the life of any living foe it strikes.
   Str:       It affects your strength (+4).
   Dex:       It affects your dexterity (+3).
   Fly:       It grants you flight.
   Contam:    It causes magical contamination when unequipped.
Armour
 a - a +0 robe (worn)
 v - a +0 helmet (worn)
 y - the +2 cloak of Classification (worn) {Dex+3}
   (You found it on level 4 of the Dungeon)

   Dex:       It affects your dexterity (+3).
 C - +0 acid dragon scales
Magical Staves
 j - a staff of fire
Jewellery
 r - a ring of poison resistance (left hand)
Scrolls
 d - 11 scrolls of identify {unknown}
 f - 2 scrolls of silence {unknown}
 g - 2 scrolls of enchant weapon {unknown}
 h - 3 scrolls of vulnerability {unknown}
 l - a scroll of acquirement {unknown}
 p - a scroll of immolation {unknown}
 s - 2 scrolls of enchant armour {unknown}
 t - 5 scrolls of amnesia {unknown}
 w - 2 scrolls of magic mapping {unknown}
 A - a scroll of fear {unknown}
 E - a scroll of teleportation {unknown}
Potions
 b - a potion of ambrosia {unknown}
 c - 3 potions of flight {unknown}
 e - a potion of might {unknown}
 i - 2 potions of heal wounds {unknown}
 k - 2 potions of cancellation {unknown}
 m - a potion of attraction {unknown}
 n - 3 potions of curing {unknown}
 o - a potion of lignification {unknown}
 q - a potion of invisibility {unknown}
 u - a potion of magic
 x - a potion of resistance {unknown}
 z - a potion of degeneration {unknown}
 B - 2 potions of brilliance {unknown}
 D - a potion of haste {unknown}


   Skills:
 - Level 6.2 Dodging
 - Level 2.4 Stealth
 - Level 7.0 Spellcasting
 * Level 10.1 Conjurations


You had 14 spell levels left.
You knew the following spells:

 Your Spells              Type           Power      Damage    Failure   Level
a - Magic Dart            Conj           100%       1d8       1%          1
b - Searing Ray           Conj           100%       2d8       1%          2
c - Iskenderun's Mystic   Conj/Tloc      35%        2d8       8%          4

Your spell library contained the following spells:

 Spells                   Type           Power      Damage    Failure   Level
 Static Discharge         Conj/Air       70%        2-5/arc   1%          2
 Dazzling Flash           Conj/Hex       70%        N/A       2%          3
 Fulminant Prism          Conj/Hex       17%        3d10      8%          4
 Lesser Beckoning         Tloc           18%        N/A       19%         3
 Lightning Bolt           Conj/Air       17%        1d32      22%         5
 Freezing Cloud           Conj/Ice/Air   13%        6-21      41%         5
 Airstrike                Air            4%         2d(1-17)  52%         4
 Summon Ice Beast         Ice/Summ       9%         N/A       52%         4
 Summon Lightning Spire   Summ/Air       9%         N/A       52%         4


Dungeon Overview and Level Annotations

Branches:
Dungeon (6/15)
 Temple: D:4-7

Altars:
Elyvilon
Uskayaw
Vehumet
Wu Jian
Zin
The Shining One


Message History

Confirm with . or Enter, or press ? or * to list all spells.
The spell is quite dangerous to miscast (8% risk of failure)!
Continue anyway?
Okay, then.
Unknown command.
Unknown command.
Casting: Iskenderun's Mystic Blast (quite dangerous; 8% risk of failure)
Confirm with . or Enter, or press ? or * to list all spells.
The spell is quite dangerous to miscast (8% risk of failure)!
Continue anyway?
You erupt in a blast of force!
The mystic blast hits the orc warrior.
The orc warrior is moderately wounded.
The orc warrior is knocked back by the mystic blast.
The mystic blast hits the orc!
You kill the orc!
Vehumet accepts your kill.
Vehumet offers you knowledge of Static Discharge.
You feel your power returning.
You hear a shout! x2
The orc priest invokes the aid of Beogh against you.
Beogh smites you!
Unknown command.
Unknown command.
The orc priest mumbles some strange prayers to Beogh against you.
Beogh smites you!
Things that are here:
a +0 war axe; a +0 ring mail; an orc corpse An orc priest comes into view.
It is wielding a +0 dagger.
The orc priest calls upon Beogh to heal the orc warrior.
The orc warrior is healed somewhat.
There is a stone staircase leading up here.
The orc warrior barely misses you.
The orc priest invokes the aid of Beogh against you.
Beogh smites you!
* * * LOW HITPOINT WARNING * * *
You fly upwards.
There is a stone staircase leading down here.
Unknown command.
Unknown command.
Magic courses through your body.
The orc warrior hits you with a +0 flail!
You die...

#.#.........##..................#
..####'#######...............[...
#.# #.### #....###............
#.####...## #....##.............
..........## #....##.####'#####..
..#####.#..###....#..# #.#####..
#.# #.##.....#....## #.##.....
#.# #.######...########.#####..
#.# #.# ###@o........#####.. #.#
#.# ############...... #.# #.#
######. ### #.# #. #.# #.
#######.# #. ........# #.
######### #. ##


You could see an orc warrior.

Vanquished Creatures
  Maggie (D:5)
  Grinder (D:3)
  Eustachio (D:4)
  2 ogres (D:4)
  2 phantoms
  A kobold brigand (D:5)
  A gnoll sergeant (D:6)
  2 scorpions (D:3)
  4 hounds
  A jelly (D:4)
  An iguana (D:6)
  An orc wizard (D:5)
  Robin (D:3)
  3 gnolls (D:5)
  6 adders
  4 worms (D:2)
  3 dart slugs
  10 orcs
  2 bats (D:1)
  4 endoplasms
  11 giant cockroaches
  9 hobgoblins
  2 jackals (D:1)
  8 kobolds
  2 quokkas
  9 ball pythons
  3 frilled lizards
  10 goblins
  4 rats
109 creatures vanquished.

Notes
Turn   | Place    | Note
-------+----------+-------------------------------------------
     0 | D:1      | gruber the Deep Elf Conjurer began the quest for the Orb.
     0 | D:1      | Reached XP level 1. HP: 10/10 MP: 6/6
   310 | D:1      | Reached XP level 2. HP: 15/15 MP: 4/8
   562 | D:1      | Reached skill level 5 in Conjurations
   869 | D:1      | Learned a level 2 spell: Searing Ray
  1304 | D:2      | Reached XP level 3. HP: 19/19 MP: 5/9
  2192 | D:2      | Reached XP level 4. HP: 24/24 MP: 9/11
  2243 | D:2      | Reached skill level 6 in Conjurations
  2598 | D:3      | Noticed a scorpion
  2610 | D:3      | Killed a scorpion
  2611 | D:3      | Noticed Grinder
  2622 | D:3      | Paralysed by Grinder for 4 turns
  2627 | D:3      | Paralysed by Grinder for 2 turns
  2633 | D:3      | Killed Grinder
  2634 | D:3      | Reached skill level 7 in Conjurations
  2634 | D:3      | Reached XP level 5. HP: 3/28 MP: 2/14
  2634 | D:3      | Reached XP level 6. HP: 4/32 MP: 2/15
  2801 | D:3      | Reached skill level 5 in Spellcasting
  2937 | D:3      | Found a glowing silver altar of Zin.
  3047 | D:3      | Found an ornate altar of the Wu Jian Council.
  3050 | D:3      | Found a glowing golden altar of the Shining One.
  3050 | D:3      | Found a radiant altar of Vehumet.
  3056 | D:3      | Found a white marble altar of Elyvilon.
  3058 | D:3      | Became a worshipper of Vehumet
  3697 | D:3      | Noticed Robin
  3707 | D:3      | Reached skill level 8 in Conjurations
  3708 | D:3      | Killed Robin
  3709 | D:3      | Reached * piety under Vehumet
  3709 | D:3      | Offered knowledge of Kiss of Death by Vehumet.
  4009 | D:4      | Reached XP level 7. HP: 32/36 MP: 11/17
  4010 | D:4      | Noticed Eustachio
  4022 | D:4      | Killed Eustachio
  4210 | D:4      | Identified the +2 cloak of Classification {Dex+3}
  4457 | D:4      | Reached skill level 9 in Conjurations
  4707 | D:5      | Entered Level 5 of the Dungeon
  4743 | D:5      | Reached XP level 8. HP: 41/41 MP: 3/20
  4920 | D:5      | Got Ohetun's Guide on Elsewhere and Congelation
  4988 | D:5      | Identified the +9 dagger "Axzes" {drain, Contam Fly Str+4
                  | Dex+3}
  5057 | D:5      | Reached skill level 10 in Conjurations
  5343 | D:5      | Found a hide-covered altar of Uskayaw.
  5580 | D:6      | Noticed Maggie
  5704 | D:5      | Learned a level 4 spell: Iskenderun's Mystic Blast
  5719 | D:5      | Killed Maggie
  5825 | D:6      | Offered knowledge of Static Discharge by Vehumet.
  5830 | D:5      | Slain by an orc warrior

Illustrated notes

Levels and vault maps discovered:
D:1:      onia_arrival_mini_maze, layout_basic, serial_bayou_pond_d,
          minmay_crystal_water, minmay_misc_feat_enclosed, supply_closet_lemuel
D:2:      layout_loops_corners, minmay_splitting_lines
D:3:      minmay_roachtagon, layout_basic, nicolae_overflow_hallway_of_the_gods,
          minmay_misc_feat_x, minmay_cut_off, uniq_robin, uniq_grinder
D:4:      layout_basic, serial_glass, glass_columns_a, glass_columns_b,
          glass_columns_a, glass_columns_a, minmay_distorted, uniq_eustachio
D:5:      layout_basic, nicolae_overflow_crystal_walls
D:6:      layout_gridville, nicolae_qazlal_style_of_elements,
          nicolae_ossuary_entry_giza, st_stairs_8, uniq_maggie

Skill      XL: |  1  2  3  4  5  6  7  8 |
---------------+-------------------------+-----
Conjurations   | 5 7 8 9 10 | 10.1
Spellcasting   | 4 5 7 |  7.0
Dodging        | 6 |  6.2
Stealth        | |  2.4

Action                   |  1- 3 |  4- 6 |  7- 9 || total
-------------------------+-------+-------+-------++-------
Melee: Dagger            |       |       |     3 ||     3
 Cast: Magic Dart        |    74 |    80 |    54 ||   208
       Searing Ray       |     1 |     7 |    14 ||    22
       Iskenderun's Myst |       |       |     4 ||     4
  Use: Potion            |       |     1 |     1 ||     2
Armor: Robe              |       |     3 |    16 ||    19
Dodge: Dodged            |     2 |    10 |    37 ||    49

Table legend: (Time is in decaauts)
 A = Elapsed time spent in this place.
 B = Non-inter-level travel time spent in this place.
 C = Inter-level travel time spent in this place.
 D = Time resting spent in this place.
 E = Time spent auto-exploring this place.
 F = Levels seen in this place.
 G = Mean time per level.
                   A        B        C        D        E       F      G
               +--------+--------+--------+--------+--------+-----+--------+
         Total |   5836 |   5531 |    305 |    137 |   4821 |   6 |  972.7 |
       Dungeon |   5836 |   5531 |    305 |    137 |   4821 |   6 |  972.7 |
               +--------+--------+--------+--------+--------+-----+--------+

Top non-repeatable levels by time:
     D:3: 1388 daAuts
     D:2: 1330 daAuts
     D:1: 1149 daAuts
     D:5: 981 daAuts
     D:4: 946 daAuts
     D:6: 39 daAuts
